 Dungeon Crawl Stone Soup version 0.29-a0-275-g389c0b56f3 (webtiles) character file.

Game seed: 619139466733520040

171 siradein the Skirmisher (level 5, 0/42 HPs)
             Began as a Formicid Abyssal Knight on Mar 11, 2022.
             Was a Priest of Lugonu.
             Slain by a scorpion (1 damage)
             ... on level 3 of the Dungeon.
             The game lasted 00:06:39 (3012 turns).

siradein the Skirmisher (Formicid Abyssal Knight)   Turns: 3012, Time: 00:06:39

Health: 0/42       AC: 10    Str: 17    XL:     5   Next: 81%
Magic:  7/7        EV: 10    Int: 10    God:    Lugonu [***...]
Gold:   149        SH:  0    Dex: 13    Spells: 4/4 levels left

rFire   . . .      SeeInvis +   i - +1 hunting sling (freeze)
rCold   + . .      Faith    .   (no shield)
rNeg    . . .      Spirit   .   e - +0 scale mail
rPois   .          Reflect  .   (helmet unavailable)
rElec   .          Harm     .   (no cloak)
rCorr   .          Rampage  .   (no gloves)
Will    .....                   o - +2 pair of boots
Stlth   ..........              (no amulet)
HPRegen 0.14/turn               j - ring of protection from cold
MPRegen 0.10/turn               (no ring)

@: no status effects
A: permanent stasis, dig shafts and tunnels, antennae 3, four strong arms
a: Dig, Shaft Self, Renounce Religion, Depart the Abyss, Bend Space, Banish


You were on level 3 of the Dungeon.
You worshipped Lugonu.
Lugonu was most pleased with you.
You visited 1 branch of the dungeon, and saw 3 of its levels.
You visited the Abyss 1 time.

You collected 149 gold pieces.

Inventory:

Hand Weapons
 a - a +1 mace
 i - a +1 hunting sling of freezing (weapon)
Armour
 e - a +0 scale mail (worn)
 o - a +2 pair of boots (worn)
Jewellery
 b - a ring of ice
 j - a ring of protection from cold (left hand)
Wands
 r - a wand of digging (4)
Scrolls
 c - 3 scrolls of acquirement {unknown}
 d - a scroll of enchant weapon {unknown}
 f - a scroll of fear {unknown}
 g - 3 scrolls of identify {unknown}
 k - a scroll of brand weapon {unknown}
 l - 2 scrolls of magic mapping {unknown}
 q - a scroll of teleportation {unknown}
Potions
 h - a potion of heal wounds {unknown}
 m - a potion of flight {unknown}
 n - a potion of brilliance {unknown}
 p - a potion of magic {unknown}
 s - a potion of degeneration {unknown}
 t - a potion of lignification {unknown}
 u - a potion of curing {unknown}


   Skills:
 + Level 4.2 Fighting
 - Level 2.3 Maces & Flails
 + Level 3.4 Armour
 + Level 2.2 Dodging
 + Level 3.7 Invocations


You had 4 spell levels left.
You didn't know any spells.
Your spell library was empty.

Dungeon Overview and Level Annotations

Branches:
Dungeon (3/15)

Altars:


Innate Abilities, Weirdness & Mutations

You cannot be hasted, slowed, berserked, paralysed or teleported.
You can dig through walls and to a lower floor.
You have a pair of large antennae on your head. (SInv)
Your four strong arms can wield two-handed weapons with a shield.


Message History

Fire: i) +1 hunting sling (freeze)
Press: ? - help, Q - select action, (/) - cycle Shift-Dir - straight line, f/p - ball python
Aim: a ball python (severely wounded, constricting you, 53% to hit)
You shoot a sling bullet. The sling bullet hits the ball python.
The sling bullet freezes the ball python.
You kill the ball python!
Lugonu accepts your kill.
You feel sick.
You are no longer poisoned.
The scorpion stings you!
* * * LOW HITPOINT WARNING * * *
Fire: i) +1 hunting sling (freeze)
Press: ? - help, Q - select action, (/) - cycle Shift-Dir - straight line, f - scorpion
Aim: a scorpion (almost dead, 57% to hit)
You shoot a sling bullet.
The sling bullet barely misses the scorpion.
The scorpion closely misses you. The scorpion misses you.
Fire: i) +1 hunting sling (freeze)
Press: ? - help, Q - select action, (/) - cycle Shift-Dir - straight line, f/p - scorpion
Aim: a scorpion (almost dead, 57% to hit)
You shoot a sling bullet.
The sling bullet closely misses the scorpion.
The scorpion stings you but does no damage.
The scorpion closely misses you.
Fire: i) +1 hunting sling (freeze)
Press: ? - help, Q - select action, (/) - cycle Shift-Dir - straight line, f/p - scorpion
Aim: a scorpion (almost dead, 57% to hit)
You shoot a sling bullet.
The sling bullet closely misses the scorpion.
The scorpion stings you!
* * * LOW HITPOINT WARNING * * *
The scorpion barely misses you.
Fire: i) +1 hunting sling (freeze)
Press: ? - help, Q - select action, (/) - cycle Shift-Dir - straight line, f/p - scorpion
Aim: a scorpion (almost dead, 57% to hit)
You shoot a sling bullet.
The sling bullet barely misses the scorpion.
The scorpion stings you but does no damage.
The scorpion stings you.
You die...

##.####......>..#...###.##.#
####
#.##########).###......##.###...
#............#.#.#..............
###############.#########.###...
#.# #.# ##.# #### #.# ##.####.#
#.... #.# #........ #.....#s#
##.####.# ##### #......@# ###
#.# ..... #.....### #.# ####.
#..... #.# ###.# #.# #. #.# #
#.# ##.# ##########...
#.........###


You could see a scorpion.

Vanquished Creatures
  A hound (D:3)
  6 adders
  4 dart slugs
  4 orcs (D:3)
  7 ball pythons
  8 endoplasms
  5 giant cockroaches
  3 goblins
  7 hobgoblins
  3 jackals (D:1)
  5 kobolds
  2 quokkas
  10 bats
  2 frilled lizards
  6 rats (D:1)
73 creatures vanquished.

Notes
Turn   | Place    | Note
-------+----------+-------------------------------------------
     0 | Abyss:1  | siradein the Formicid Abyssal Knight began the quest for
                  | the Orb.
     0 | Abyss:1  | Reached XP level 1. HP: 18/18 MP: 2/2
    79 | Abyss:1  | Noticed a quasit
    96 | D:1      | Escaped the Abyss
   155 | D:1      | Reached skill level 1 in Dodging
   299 | D:1      | Reached XP level 2. HP: 20/24 MP: 3/3
   736 | D:1      | Reached XP level 3. HP: 21/29 MP: 4/4
  1460 | D:2      | Reached XP level 4. HP: 26/37 MP: 6/6
  1682 | D:2      | Found a faded altar of an unknown god.
  1882 | D:2      | Reached *** piety under Lugonu
  2189 | D:3      | Reached skill level 4 in Fighting
  2189 | D:3      | Reached XP level 5. HP: 23/42 MP: 7/7
  3011 | D:3      | HP: 1/42 [scorpion (7)]
  3012 | D:3      | Slain by a scorpion

Illustrated notes

Levels and vault maps discovered:
D:1:      minmay_arrival_up_and_down, layout_loops_ring
D:2:      layout_loops_ring, hellmonk_ecumenical_altar_pennies_from_heaven,
          minmay_hexomino_u4
D:3:      layout_loops_ring

Skill      XL: |  1  2  3  4  5 |
---------------+----------------+-----
Dodging        | 1 2 |  2.2
Invocations    | 3 |  3.7
Armour         | 3 |  3.4
Fighting       | 4 |  4.2
Maces & Flails | |  2.3

Action                   |  1- 3 |  4- 6 || total
-------------------------+-------+-------++-------
Melee: Mace              |    92 |       ||    92
 Fire: Hunting sling     |    17 |   159 ||   176
Invok: Depart the Abyss  |     1 |       ||     1
       Bend Space        |       |     1 ||     1
Armor: Leather armour    |    12 |       ||    12
       Scale mail        |    41 |    83 ||   124
Dodge: Dodged            |    70 |    89 ||   159

Table legend: (Time is in decaauts)
 A = Elapsed time spent in this place.
 B = Non-inter-level travel time spent in this place.
 C = Inter-level travel time spent in this place.
 D = Time resting spent in this place.
 E = Time spent auto-exploring this place.
 F = Levels seen in this place.
 G = Mean time per level.
                   A        B        C        D        E       F      G
               +--------+--------+--------+--------+--------+-----+--------+
         Total |   3157 |   3124 |     33 |      0 |   2427 |   4 |  789.2 |
       Dungeon |   3061 |   3028 |     33 |      0 |   2359 |   3 | 1020.3 |
         Abyss |     96 |     96 |      0 |      0 |     68 |   1 |   96.0 |
               +--------+--------+--------+--------+--------+-----+--------+

Top non-repeatable levels by time:
     D:1: 1327 daAuts
     D:3: 929 daAuts
     D:2: 804 daAuts
 Abyss:1: 96 daAuts
